 Dungeon Crawl Stone Soup version 0.24.0-123-gd5b16e6ec5 (webtiles) character file.

Game seed: 14664925206277697936, levelgen mode: deterministic

67 PabloPapaya the Gusty (level 3, -3/26 HPs)
             Began as a Draconian Air Elementalist on Jan 28, 2020.
             Slain by Crazy Yiuf
             ... wielding a +2 quarterstaff of chaos
              (4 damage)
             ... on level 3 of the Dungeon.
             The game lasted 00:55:18 (3456 turns).

PabloPapaya the Gusty (Draconian Air Elementalist)  Turns: 3456, Time: 00:55:21

Health: -3/26      AC:  8    Str: 10    XL:     3   Next: 98%
Magic:  1/6        EV: 10    Int: 16    God:
Gold:   126        SH:  0    Dex: 11    Spells: 3/6 levels left

rFire    . . .     SeeInvis .   u - +0 mace
rCold    . . .     Gourm    .   (no shield)
rNeg     . . .     Faith    .   (armour unavailable)
rPois    .         Spirit   .   s - +2 hat
rElec    .         Reflect  .   (no cloak)
rCorr    .         Harm     .   p - +0 pair of gloves
MR       .....                  (no boots)
Stlth    ++........             g - amulet of regeneration
HPRegen  0.48/turn              f - ring of flight
MPRegen  0.10/turn              n - -2 ring of evasion (curse)

@: lethally poisoned (-3 -> -4), about to teleport, flying, very slightly
contaminated, slowed, very slow
A: unfitting armour, cold-blooded, AC +5
a: no special abilities


You were on level 3 of the Dungeon.
You were not hungry.

You visited 1 branch of the dungeon, and saw 3 of its levels.

You collected 126 gold pieces.

Inventory:

Hand Weapons
 l - a +0 hunting sling
 u - a +0 mace (weapon)
Missiles
 h - 17 arrows
Armour
 p - a +0 pair of gloves (worn)
 s - a +2 hat (worn)
Jewellery
 f - a ring of flight (left hand)
 g - an amulet of regeneration (around neck)
 n - a cursed -2 ring of evasion (right hand)
Scrolls
 b - a scroll of amnesia
 c - a scroll of random uselessness
 d - a scroll of noise {unknown}
 q - a scroll of enchant weapon
 r - a scroll of teleportation
Potions
 e - a potion of heal wounds
 i - a potion of flight
Comestibles
 j - 7 rations
 o - a chunk of flesh


   Skills:
 + Level 0.2 Maces & Flails
 + Level 2.0 Dodging
 + Level 2.1 Stealth
 + Level 0.3 Unarmed Combat
 + Level 2.4 Spellcasting
 + Level 2.4 Conjurations
 + Level 3.3 Air Magic


You had 3 spell levels left.
You knew the following spells:

 Your Spells              Type           Power        Failure   Level  Hunger
a - Shock                 Conj/Air       ##..         6%          1    #......
b - Swiftness             Chrm/Air       #.......     16%         2    ###....

Your spell library contained the following spells:

 Spells                   Type           Power        Failure   Level  Hunger
 Static Discharge         Conj/Air       ##......     19%         3    ###....
 Airstrike                Air            ##........   43%         4    #####..
 Lightning Bolt           Conj/Air       ##........   86%         5    ######.


Dungeon Overview and Level Annotations

Branches:
Dungeon (3/15)

Altars:
Nemelex Xobeh

Annotations:
D:3 Crazy Yiuf


Innate Abilities, Weirdness & Mutations

Your plain brown scales are hard. (AC +5)
You cannot fit into any form of body armour.
You are cold-blooded and may be slowed by cold attacks.


Message History

Crazy Yiuf hits you with a +2 quarterstaff of chaos.
You are poisoned.
You feel sick. Crazy Yiuf barely misses you.
Casting: Shock (safe; 6% risk of failure)
Confirm with . or Enter, or press ? or * to list all spells.
Aiming: Shock (safe; 6% risk of failure)
Press: ? - help, Shift-Dir - straight line, f/p - Crazy Yiuf
Aim: Crazy Yiuf, wielding a +2 quarterstaff of chaos and wearing a +0 cloak (moderately wounded, inner flame)
The zap hits Crazy Yiuf.
Crazy Yiuf is severely wounded.
You feel sick.
Crazy Yiuf hits you with a +2 quarterstaff of chaos.
As you read the scroll of teleportation, it crumbles to dust.
You feel strangely unstable.
You feel sick.
Crazy Yiuf hits you with a +2 quarterstaff of chaos.
* * * LOW HITPOINT WARNING * * *
Crazy Yiuf burns you.
* * * LOW HITPOINT WARNING * * *
Crazy Yiuf hits you with a +2 quarterstaff of chaos.
You die...

###♣♣♣♣♣
##.#..♣g♣♣♣ ###
##...♣.@♣..♣#...#
#......♣♣♣♣.'...#
###...#.♣♣
♣♣#..)#
########....##♣♣
### #........####
#.######## #.#
#.# #.#


You could see Crazy Yiuf (inner flame).

Vanquished Creatures
  2 oozes (D:2)
  A worm (D:3)
  8 bats
  6 giant cockroaches
  9 goblins
  4 hobgoblins
  4 jackals (D:2)
  3 kobolds (D:1)
  A quokka (D:3)
  3 frilled lizards
  10 rats
51 creatures vanquished.

Notes
Turn   | Place    | Note
-------+----------+-------------------------------------------
     0 | D:1      | PabloPapaya the Draconian Air Elementalist began the quest
                  | for the Orb.
     0 | D:1      | Reached XP level 1. HP: 14/14 MP: 3/3
   570 | D:1      | Reached XP level 2. HP: 20/20 MP: 0/5
   574 | D:1      | Learned a level 2 spell: Swiftness
  1338 | D:1      | Reached XP level 3. HP: 26/26 MP: 3/6
  2964 | D:3      | Noticed an ogre
  3188 | D:3      | Found a sparkling altar of Nemelex Xobeh.
  3428 | D:3      | Found a runed translucent door.
  3429 | D:3      | Noticed Crazy Yiuf
  3456 | D:3      | HP: 1/26 [Crazy Yiuf/+2 quarterstaff of chaos (2)]
  3456 | D:3      | Slain by Crazy Yiuf

Levels and vault maps discovered:
D:1:      lightli_arrival_statue_moat, layout_rooms
D:2:      layout_rooms, serial_bayou_pond_d, dk_vineyard_2
D:3:      layout_loops_ring, nemelex_xobeh_ov_fountains_minmay,
          nicolae_ru_awakened_eye, uniq_crazy_yiuf_cottage

Skill      XL: |  1  2  3 |
---------------+----------+-----
Stealth        | 2 |  2.1
Dodging        | 2 |  2.0
Conjurations   | 2 |  2.4
Maces & Flails | |  0.2
Unarmed Combat | |  0.3
Spellcasting   | |  2.4
Air Magic      | |  3.3

Action                   || total
-------------------------++-------
Melee: Unarmed           ||    37
       Tailslap          ||     4
       Mace              ||    22
       Whip              ||     7
 Cast: Shock             ||   109
       Swiftness         ||     1
  Use: Scroll            ||    12
       Potion            ||     2
  Eat: Ration            ||     2
       Chunk             ||     3
Armor: Skin              ||    52
Dodge: Dodged            ||    58
